 Dungeon Crawl Stone Soup version 0.31-a0-986-g5e6e4ef867 (webtiles) character file.

Game seed: 9743209594422501950

400 MagicMayhem53 the Stinger (level 6, -4/50 HPs)
             Began as a Naga Venom Mage on Nov 5, 2023.
             Slain by Blork the orc
             ... wielding a +0 battleaxe
              (18 damage)
             ... on level 4 of the Dungeon on Nov 10, 2023.
             The game lasted 00:54:46 (3710 turns).

MagicMayhem53 the Stinger (Naga Venom Mage)         Turns: 3710, Time: 00:54:46

Health: -4/50      AC:  5    Str: 10    XL:     6   Next: 84%
Magic:  9/11       EV:  9    Int: 17    God:
Gold:   58         SH:  4    Dex: 12    Spells: 5/12 levels left

rFire   . . .        s - staff of earth
rCold   . . .        j - +0 buckler
rNeg    . . .        a - +2 robe
rPois   +            (helmet restricted)
rElec   .            (no cloak)
rCorr   .            (no gloves)
SInv    +            (no barding)
Will    .....        (no amulet)
Stlth   ++           d - ring of protection from cold
HPRegen 0.28/turn    (no ring)
MPRegen 0.12/turn

%: clarity
@: short of breath, very slow
A: AC +2, large, see invisible, deformed body, poison resistance, slowness 2,
spit poison 1, naga tail 1, horns 1, clarity, teleportitis 1, cold vulnerability
1
a: Spit Poison


You were on level 4 of the Dungeon.
You visited 1 branch of the dungeon, and saw 4 of its levels.

You collected 58 gold pieces.

Inventory:

Hand Weapons
 f - a +2 short sword of speed
 m - a +0 morningstar
 n - a +0 club
 o - a +0 trident
Missiles
 g - 50 stones
Armour
 a - a +2 robe (worn)
 e - the +7 chain mail "Ogicwa" {rElec rF- Dex+3}
   (You found it on level 2 of the Dungeon)

   Dex+3:     It affects your dexterity (+3).
   rF-:       It makes you vulnerable to fire.
   rElec:     It insulates you from electricity.
 j - a +0 buckler (worn)
Magical Staves
 s - a staff of earth (weapon)
Jewellery
 d - a ring of protection from cold (left hand)
Wands
 l - a wand of flame (15)
Scrolls
 c - a scroll of fear
 i - a scroll of vulnerability
 p - a scroll of teleportation {unknown}
 q - a scroll of poison
 r - a scroll of brand weapon {unknown}
Potions
 b - a potion of magic
 h - a potion of enlightenment {unknown}
 k - a potion of curing
 t - a potion of mutation


   Skills:
 + Level 0.9 Fighting
 + Level 1.4 Short Blades
 + Level 0.1 Throwing
 + Level 2.1 Dodging
 + Level 3.9 Stealth
 + Level 0.1 Shields
 + Level 0.1 Unarmed Combat
 + Level 3.5 Spellcasting
 + Level 2.9 Transmutations
 + Level 6.4 Poison Magic


You had 5 spell levels left.
You knew the following spells:

 Your Spells              Type           Power      Damage    Failure   Level
a - Sting                 Tmut/Pois      76%        1d6       3%          1
b - Poisonous Vapours     Pois/Air       28%        N/A       10%         2
c - Olgreb's Toxic Radia  Pois           25%        N/A       17%         4

Your spell library contained the following spells:

 Spells                   Type           Power      Damage    Failure   Level
 Mephitic Cloud           Conj/Pois/Air  10%        N/A       30%         3


Dungeon Overview and Level Annotations

Branches:
Dungeon (4/15)
 Temple: D:4-7

Altars:

Annotations:
D:4 Blork the orc


Innate Abilities, Weirdness & Mutations

Your serpentine skin is tough. (AC +2)
You have supernaturally acute eyesight. (SInv)
Armour fits poorly on your strangely shaped body.
Your system is resistant to poisons. (rPois)
You cover ground very slowly.
You can spit poison.
You have a snake-like lower body.
You have a pair of small horns on your head.
You possess an exceptional clarity of mind.
You are occasionally teleported next to monsters.
You are vulnerable to cold. (rC-)


Message History

The orc wizard is severely wounded.
You have got your breath back.
The orc wizard closely misses you.
The orc wizard hits you but does no damage.
You hit the orc wizard but do no damage.
The orc wizard is almost dead.
The orc wizard hits you with a +0 dagger.
The orc wizard casts a spell.
The orc wizard flickers and vanishes for a moment.
Blork the orc casts a spell at you.
The magic dart hits the orc wizard.
You hit the orc wizard but do no damage.
Your headbutt misses the orc wizard.
The orc wizard is almost dead.
You kill the orc wizard!
You block the orc wizard's attack.
Blork the orc begins to cast a cantrip, but forgets the words!
Blork the orc looks more healthy.
The orc wizard points at you and mumbles some strange words.
The puff of flame hits you!
Things that are here:
a +0 dagger; a +0 robe; an orc corpse The orc wizard looks more healthy.
Blork the orc barely misses you.
Aiming: Spit Poison (1% risk of failure)
Press: ? - help, Shift-Dir - straight line, f/p - orc wizard
Aim: an orc wizard, wielding a +0 dagger and wearing a +0 robe (almost dead, slightly transparent, 50% to hit)
The splash of poison hits the orc wizard.
The orc wizard is poisoned.
You kill the orc wizard!
Blork the orc hits you with a +0 battleaxe!
Aiming: Sting (safe; 3% risk of failure)
Press: ? - help, Q - select action, (/) - cycle Shift-Dir - straight line, f - Blork the orc
Aim: Blork the orc, wielding a +0 battleaxe and wearing a +0 robe (lightly wounded, fast, 77% to hit)
The sting hits Blork the orc.
Blork the orc is poisoned.
Blork the orc is moderately wounded.
Blork the orc closely misses you.
Blork the orc hits you with a +0 battleaxe!
* * * LOW HITPOINT WARNING * * *
Blork the orc hits you with a +0 battleaxe!!
You die...

.### ... ..
#)#############
#)#...........#
#.?...#)...##.#
###.#.#o##.##.#
#.#)#.o.....#
#.#.#@.#.########
#.#.#..#..##..).#
#.#.####..##.##)#
#.#.......##[##.#
#.######..##.##.#
#..##<##)#
#..#####.##
#####†.....#..#
#.....#.##.#.##


You could see Blork the orc (fast, poisoned) and an orc.

Vanquished Creatures
  2 orc priests
  Jessica (D:3)
  An iguana (D:4)
  Natasha (thrice) (D:2)
  3 orc wizards
  Terence (D:2)
  4 adders (D:2)
  A worm (D:2)
  A dart slug (D:2)
  11 orcs
  12 bats
  2 endoplasms
  A giant cockroach (D:1)
  5 goblins
  9 hobgoblins
  3 jackals (D:3)
  3 quokkas
  7 ball pythons
  3 frilled lizards
  5 kobolds
  9 rats
87 creatures vanquished.

Notes
Turn   | Place    | Note
-------+----------+-------------------------------------------
     0 | D:1      | MagicMayhem53 the Naga Venom Mage began the quest for the
                  | Orb.
     0 | D:1      | Reached XP level 1. HP: 15/15 MP: 3/3
   110 | D:1      | Reached XP level 2. HP: 22/22 MP: 1/5
   386 | D:1      | Found Cudwiene's Antique Armour Emporium.
   871 | D:2      | Reached XP level 3. HP: 26/28 MP: 3/6
   999 | D:2      | Learned a level 2 spell: Poisonous Vapours
  1221 | D:2      | Reached skill level 5 in Poison Magic
  1384 | D:2      | Gained mutation: You possess an exceptional clarity of
                  | mind. [potion of mutation]
  1384 | D:2      | Gained mutation: You are vulnerable to cold. (rC-) [potion
                  | of mutation]
  1384 | D:2      | Gained mutation: You are occasionally teleported next to
                  | monsters. [potion of mutation]
  1384 | D:2      | Gained mutation: You have a pair of small horns on your
                  | head. [potion of mutation]
  1472 | D:2      | Identified the +7 chain mail "Ogicwa" {rElec rF- Dex+3}
  1496 | D:2      | Reached XP level 4. HP: 36/36 MP: 4/7
  1580 | D:2      | Found a faded altar of an unknown god.
  1673 | D:2      | Noticed Natasha
  1681 | D:2      | Killed Natasha
  1826 | D:2      | Noticed Natasha
  1838 | D:2      | Killed Natasha
  1839 | D:2      | Reached XP level 5. HP: 27/43 MP: 5/8
  1894 | D:2      | Noticed Natasha
  1983 | D:2      | Killed Natasha
  2065 | D:2      | Noticed Terence
  2076 | D:2      | Killed Terence
  2357 | D:3      | Noticed Jessica
  2363 | D:3      | Killed Jessica
  2364 | D:3      | Reached skill level 6 in Poison Magic
  2435 | D:3      | Reached XP level 6. HP: 47/50 MP: 8/10
  2839 | D:3      | Reached skill level 1 in Short Blades
  3439 | D:3      | Learned a level 4 spell: Olgreb's Toxic Radiance
  3694 | D:4      | Noticed Blork the orc
  3710 | D:4      | Slain by Blork the orc

Illustrated notes

Levels and vault maps discovered:
D:1:      minmay_arrival_four_houses, layout_rooms, serial_shops, shop
D:2:      layout_loops_ring, basic_ecumenical_altar, grunt_ministairs_3,
          uniq_natasha, uniq_terence
D:3:      layout_basic, uniq_jessica
D:4:      layout_basic, nicolae_overflow_crystal_walls, uniq_blork_the_orc,
          uniq_grinder

Skill      XL: |  1  2  3  4  5  6 |
---------------+-------------------+-----
Poison Magic   | 5 6 |  6.4
Transmutations | 2 |  2.9
Dodging        | 2 |  2.1
Spellcasting   | 3 |  3.5
Short Blades   | 1 |  1.4
Fighting       | |  0.9
Throwing       | |  0.1
Stealth        | |  3.9
Shields        | |  0.1
Unarmed Combat | |  0.1

Action                     |  1- 3 |  4- 6 || total
---------------------------+-------+-------++-------
  Melee: Unarmed           |    18 |       ||    18
         Short sword       |    34 |    47 ||    81
         Headbutt          |     1 |    11 ||    12
         Staff             |       |    24 ||    24
  Throw: Stone             |     4 |       ||     4
   Cast: Sting             |    36 |    45 ||    81
Ability: Spit Poison       |    14 |    26 ||    40
    Use: Scroll            |     3 |     5 ||     8
         Potion            |     2 |       ||     2
   Stab: Sleeping          |       |     2 ||     2
 Armour: Robe              |    43 |    50 ||    93
  Dodge: Dodged            |    45 |    30 ||    75
  Block: Buckler           |       |    13 ||    13

Table legend: (Time is in decaauts)
 A = Elapsed time spent in this place.
 B = Non-inter-level travel time spent in this place.
 C = Inter-level travel time spent in this place.
 D = Time resting spent in this place.
 E = Time spent auto-exploring this place.
 F = Levels seen in this place.
 G = Mean time per level.
                   A        B        C        D        E       F      G
               +--------+--------+--------+--------+--------+-----+--------+
         Total |   4429 |   3977 |    452 |   1179 |   2134 |   4 | 1107.2 |
       Dungeon |   4429 |   3977 |    452 |   1179 |   2134 |   4 | 1107.2 |
               +--------+--------+--------+--------+--------+-----+--------+

Top non-repeatable levels by time:
     D:2: 1777 daAuts
     D:3: 1313 daAuts
     D:1: 1024 daAuts
     D:4: 313 daAuts
